 Dungeon Crawl Stone Soup version 0.29.1-4-g47bece8355 (webtiles) character file.

Game seed: 5891716888232980820

271 venomsnake the Trooper (level 6, -6/55 HPs)
             Began as a Minotaur Berserker on Dec 10, 2022.
             Was a Believer of Trog.
             Mangled by an ogre
             ... wielding a +0 giant spiked club
              (16 damage)
             ... on level 5 of the Dungeon.
             The game lasted 00:05:39 (3652 turns).

venomsnake the Trooper (Minotaur Berserker)         Turns: 3652, Time: 00:05:40

Health: -6/55      AC:  9    Str: 24    XL:     6   Next: 2%
Magic:  5/5        EV:  9    Int:  4    God:    Trog [**....]
Gold:   108        SH:  0    Dex:  9    Spells: 5/5 levels left

rFire   . . .      SeeInvis .   a - +0 hand axe
rCold   . . .      Faith    .   (no shield)
rNeg    . . .      Spirit   .   d - +0 chain mail
rPois   .          Reflect  .   (helmet restricted)
rElec   .          Harm     .   (no cloak)
rCorr   .          Rampage  .   (no gloves)
Will    .....                   (no boots)
Stlth   ..........              (no amulet)
HPRegen 0.18/turn               (no ring)
MPRegen 0.09/turn               (no ring)

@: no status effects
A: horns 2, retaliatory headbutt
a: Renounce Religion, Berserk, Trog's Hand


You were on level 5 of the Dungeon.
You worshipped Trog.
Trog was pleased with you.
You visited 1 branch of the dungeon, and saw 5 of its levels.

You collected 108 gold pieces.

Inventory:

Hand Weapons
 a - a +0 hand axe (weapon)
Armour
 d - a +0 chain mail (worn)
 q - a +0 cloak
Wands
 i - a wand of paralysis (8)
Scrolls
 c - 2 scrolls of acquirement {unknown}
 e - a scroll of enchant armour {unknown}
 f - 2 scrolls of brand weapon {unknown}
 g - a scroll of butterflies {unknown}
 k - a scroll of identify {unknown}
 o - a scroll of teleportation {unknown}
 r - a scroll of poison {unknown}
 s - a scroll of magic mapping {unknown}
 t - 2 scrolls of immolation {unknown}
Potions
 b - a potion of magic {unknown}
 h - a potion of curing {unknown}
 j - a potion of might {unknown}
 l - a potion of heal wounds {unknown}
 m - a potion of flight {unknown}
 n - a potion of mutation {unknown}
 p - a potion of brilliance {unknown}
 u - a potion of berserk rage {unknown}


   Skills:
 + Level 4.9 Fighting
 + Level 4.9 Axes
 + Level 3.9 Armour
 + Level 3.6 Dodging
 + Level 2.1 Evocations


You had 5 spell levels left.
You didn't know any spells.
Your spell library was empty.

Dungeon Overview and Level Annotations

Branches:
Dungeon (6/15)
 Temple: D:4-7

Altars:
Nemelex Xobeh


Innate Abilities, Weirdness & Mutations

You have a pair of horns on your head.
You reflexively headbutt those who attack you in melee.


Message History

The black bear claws you but does no damage.
The black bear misses you.
The black bear claws you but does no damage.
The black bear claws you.
You closely miss the black bear.
The black bear is almost dead.
The black bear barely misses you. The black bear claws you.
The black bear claws you but does no damage.
You hit the black bear but do no damage.
Your headbutt misses the black bear.
The black bear is almost dead.
The black bear bites you! The black bear barely misses you.
The black bear claws you but does no damage.
The black bear bites you.
The black bear claws you but does no damage.
The black bear barely misses you.
You hit the black bear but do no damage.
The black bear is almost dead.
The black bear bites you but does no damage.
The black bear claws you but does no damage. x2
The black bear closely misses you. You furiously retaliate!
You headbutt the black bear!
You kill the black bear!
Trog accepts your kill.
Your Evocations skill increases to level 2!
You have reached level 6!
You start resting.
An ogre comes into view. It is wielding a +0 giant spiked club.
The ogre shouts!
You hit the ogre. You headbutt the ogre.
The ogre is moderately wounded.
You hear a shout!
The ogre hits you with a +0 giant spiked club!
* * * LOW HITPOINT WARNING * * *
You hit the ogre.
You headbutt the ogre, but do no damage.
The ogre is moderately wounded.
An orc wizard comes into view. It is wielding a +0 dagger.
The ogre hits you with a +0 giant spiked club!
You die...

######### #.O.#...#
#@#.#.#.# #.#.#.#.#
#.#.#.#.# #.#...#.#
#####.#.###.####.##
#...o.#...........#
#.#####.####.###.##
+.. .......>....#
##. .##.###.#.#.#


You could see an ogre and an orc wizard.

Vanquished Creatures
  A black bear (D:5)
  A scorpion (D:6)
  2 orc wizards (D:3)
  2 adders
  A worm (D:2)
  2 dart slugs
  3 orcs (D:3)
  4 bats
  3 endoplasms
  A giant cockroach (D:2)
  2 goblins (D:1)
  2 hobgoblins (D:2)
  9 kobolds
  3 quokkas
  7 ball pythons
  3 frilled lizards
  11 rats
57 creatures vanquished.

Vanquished Creatures (others)
  A fungus (D:3)
  2 plants (D:3)
3 creatures vanquished.

Grand Total: 60 creatures vanquished

Notes
Turn   | Place    | Note
-------+----------+-------------------------------------------
     0 | D:1      | venomsnake the Minotaur Berserker began the quest for the
                  | Orb.
     0 | D:1      | Reached XP level 1. HP: 19/19 MP: 0/0
    36 | D:1      | Reached XP level 2. HP: 20/27 MP: 1/1
  2346 | D:2      | Reached XP level 3. HP: 33/33 MP: 2/2
  2376 | D:2      | Reached skill level 1 in Evocations
  2745 | D:2      | Reached ** piety under Trog
  3169 | D:3      | Found a sparkling altar of Nemelex Xobeh.
  3243 | D:3      | Reached XP level 4. HP: 40/40 MP: 3/3
  3437 | D:3      | Found a faded altar of an unknown god.
  3439 | D:3      | You fall into a shaft and drop 3 floors!
  3441 | D:6      | Noticed a scorpion
  3452 | D:6      | Killed a scorpion
  3453 | D:6      | Reached XP level 5. HP: 39/47 MP: 4/4
  3564 | D:5      | Entered Level 5 of the Dungeon
  3588 | D:5      | Noticed a black bear
  3611 | D:5      | Killed a black bear
  3612 | D:5      | Reached XP level 6. HP: 17/55 MP: 5/5
  3652 | D:5      | Mangled by an ogre

Illustrated notes

Levels and vault maps discovered:
D:1:      ncdulo_halloftheorcs, layout_basic
D:2:      layout_basic, minmay_pentomino_z2
D:3:      layout_rooms, nicolae_overflow_crystal_walls,
          dreamdust_ecumenical_altar_grove
D:5:      layout_basic, nicolae_elyvilon_temple_path, dreamdust_wishing_well,
          minivault_25, st_stairs_4, sigmund_army
D:6:      layout_layer_cave, zin_scriptorium, kennysheep_mini_moat,
          mainiacjoe_overflow_catwalk, minmay_temple_entry_from_below_b,
          chequers_serial_rivers_room_b

Skill      XL: |  1  2  3  4  5 |
---------------+----------------+-----
Fighting       | 4 |  4.9
Axes           | 4 |  4.9
Armour         | 3 |  3.9
Evocations     | 1 2 |  2.1
Dodging        | 3 |  3.6

Action                   |  1- 3 |  4- 6 || total
-------------------------+-------+-------++-------
Melee: Hand axe          |    83 |    37 ||   120
       Headbutt          |     7 |     5 ||    12
Armor: Animal skin       |     4 |       ||     4
       Chain mail        |    42 |    31 ||    73
Dodge: Dodged            |    53 |    16 ||    69
